 Dungeon Crawl Stone Soup version 0.22-a0-322-g60b3cfd (webtiles) character file.

817 xccam the Carver (level 7, -4/52 HPs)
             Began as a Demonspawn Chaos Knight on Apr 2, 2018.
             Slain by Edmund
             ... wielding a +2 flail of holy wrath
              (12 damage)
             ... on level 5 of the Dungeon.
             The game lasted 00:07:12 (3544 turns).

xccam the Carver (Demonspawn Chaos Knight)          Turns: 3544, Time: 00:07:14

Health: -4/52      AC: 11    Str: 14    XL:     7   Next: 62%
Magic:  7/7        EV:  6    Int: 13    God:    Xom [..*...]
Gold:   331        SH:  6    Dex: 13    Spells: 6/6 levels left

rFire    + . .     SeeInvis +   f - +7 great sword "Viaghimm" {chaos, rF+ rC+ SInv}
rCold    + . .     Gourm    .   (shield currently unavailable)
rNeg     . . .     Faith    .   n - +0 chain mail
rPois    .         Spirit   .   (no helmet)
rElec    .         Reflect  .   (no cloak)
rCorr    .         Harm     .   r - +2 pair of gloves
MR       .....                  (no boots)
Stlth    ..........             y - amulet of the acrobat
HPRegen  0.17/turn              (no ring)
MPRegen  0.10/turn              (no ring)

@: very slightly contaminated
A: large bone plates 2
a: Renounce Religion


You were on level 5 of the Dungeon.
You worshipped Xom.
You were a toy of Xom.
You were not hungry.

You visited 1 branch of the dungeon, and saw 5 of its levels.

You collected 331 gold pieces.

Inventory:

Hand Weapons
 a - a +0 falchion of chaos
 f - the +7 great sword "Viaghimm" (weapon) {chaos, rF+ rC+ SInv}
   (Xom gifted it to you on level 3 of the Dungeon)

   Each time it hits an enemy it has a different, random effect.
   It protects you from fire.
   It protects you from cold.
   It lets you see invisible.
 p - a +0 long sword
Armour
 k - a +0 shield
 n - a +0 chain mail (worn)
 r - a +2 pair of gloves (worn)
Jewellery
 y - an amulet of the acrobat (around neck)
Wands
 o - a wand of flame (28)
Scrolls
 d - a scroll of blinking
 e - a scroll of amnesia {unknown}
 h - a scroll of random uselessness
 i - 2 scrolls of remove curse
 j - a scroll of teleportation {unknown}
 l - 2 scrolls of enchant weapon {unknown}
 q - a scroll of enchant armour {unknown}
 s - a scroll of magic mapping {unknown}
 t - a scroll of summoning
 w - a scroll of noise {unknown}
Potions
 b - a potion of heal wounds {unknown}
 g - 2 potions of cancellation
 m - a potion of flight {unknown}
 u - a potion of resistance
 v - a potion of haste {unknown}
 x - a potion of magic {unknown}
 A - a potion of mutation {unknown}
Comestibles
 c - 7 rations
 z - 4 chunks of flesh


   Skills:
 - Level 3.0 Fighting
 + Level 8.4 Long Blades
 - Level 1.7 Armour
 - Level 0.8 Dodging


You had 6 spell levels left.
You didn't know any spells.

Dungeon Overview and Level Annotations

Branches:
Dungeon (5/15)
 Temple: D:4-7

Altars:
Dithmenos
Makhleb
Okawaru
Ru
Xom
Zin

Annotations:
D:5 Edmund


Innate Abilities, Weirdness & Mutations

You are mostly covered in large bone plates. (SH +6)


Message History

Edmund is heavily wounded.
Edmund hits you but does no damage.
Edmund hits you with a flail of holy wrath.
You convulse.
You are too injured to fight recklessly!
You slice Edmund!!
Edmund is almost dead.
Edmund hits you with a flail of holy wrath.
You convulse.
Edmund hits you but does no damage.
You hit Edmund. You burn Edmund.
Edmund is almost dead.
You flicker back into view.
You block Edmund's attack.
You closely miss Edmund.
Edmund is almost dead.
You block Edmund's attack.
Edmund hits you with a flail of holy wrath!
* * * LOW HITPOINT WARNING * * *
You convulse!
You die... ........##.#########..# PPP

#..# P P #..#
#..# ∆ #..#
#..# S #..#
##.#######.(#
#....)@....%#
#!..##@#####.#
o . o #. #.# o
#. #.# o ..
#.#


op.. ..# o ### ### o You could see Edmund (berserk).

Vanquished Creatures
  A phantom (D:5)
  A sky beast (D:5)
  3 ogres
  A wyvern skeleton (D:5)
  A scorpion (D:4)
  A bullfrog skeleton (D:4)
  An orc wizard (D:4)
  Ijyb (D:3)
  2 gnolls (D:4)
  6 adders
  A shadow imp (D:5)
  5 oozes
  A worm (D:3)
  A dart slug (D:4)
  4 leopard geckos
  15 orcs
  5 bats
  3 giant cockroaches
  7 goblins
  8 hobgoblins
  2 jackals (D:4)
  6 kobolds
  2 quokkas
  A ball python skeleton (D:4)
  2 frilled lizards
  A jackal skeleton (D:4)
  6 rats
88 creatures vanquished.

Notes
Turn   | Place    | Note
-------+----------+-------------------------------------------
     0 | D:1      | xccam the Demonspawn Chaos Knight began the quest for the Orb.
     0 | D:1      | Reached XP level 1. HP: 18/18 MP: 1/1
    44 | D:1      | Reached skill level 3 in Long Blades
   147 | D:1      | Gained mutation: You are partially covered in large bone plates. (SH +4) [demonic ancestry]
   147 | D:1      | Reached XP level 2. HP: 22/24 MP: 2/2
   162 | D:1      | XOM: divination: detect creatures
   415 | D:1      | XOM: harmless Ice miscast
   476 | D:2      | Gained mutation: You are mostly covered in large bone plates. (SH +6) [demonic ancestry]
   476 | D:2      | Reached XP level 3. HP: 26/29 MP: 3/3
   538 | D:2      | XOM: cloud trail
   615 | D:2      | Found a shadowy altar of Dithmenos.
   790 | D:2      | Reached skill level 4 in Long Blades
   850 | D:2      | XOM: 3-stop teleportation journey
   979 | D:3      | Noticed Ijyb
   982 | D:3      | Paralysed by Ijyb for 5 turns
   989 | D:3      | Paralysed by Ijyb for 6 turns
   998 | D:3      | Paralysed by Ijyb for 3 turns
   999 | D:3      | XOM: blink monster(s)
  1003 | D:3      | XOM: chaos cloud
  1004 | D:3      | XOM: scenery: create altars
  1004 | D:3      | Paralysed by Ijyb for 7 turns
  1020 | D:3      | Killed Ijyb
  1020 | D:3      | Reached XP level 4. HP: 35/35 MP: 4/4
  1141 | D:3      | XOM: harmless Tmut miscast
  1142 | D:3      | XOM: harmless Necr miscast
  1187 | D:3      | Reached skill level 5 in Long Blades
  1416 | D:3      | XOM: god gift: scroll labeled ECEB UNUUT {god gift}
  1476 | D:3      | XOM: mild Hex miscast
  1763 | D:3      | Reached XP level 5. HP: 27/41 MP: 5/5
  1795 | D:3      | Found a burning altar of Makhleb.
  1861 | D:3      | XOM: medium Fire miscast
  1962 | D:3      | XOM: god gift: brightly glowing great sword {god gift}
  1965 | D:3      | Got a brightly glowing great sword {god gift}
  1971 | D:3      | Identified the +7 great sword "Viaghimm" {chaos, rF+ rC+ SInv} (Xom gifted it to you on level 3 of the Dungeon)
  1975 | D:3      | Found a glowing silver altar of Zin.
  1975 | D:3      | Noticed an angel
  1975 | D:3      | Noticed a balrug
  2289 | D:4      | Found a sacrificial altar of Ru.
  2399 | D:4      | Found a shimmering altar of Xom.
  2444 | D:4      | Noticed an ogre
  2463 | D:4      | XOM: medium Tmut miscast
  2481 | D:4      | XOM: fake destruction
  2487 | D:4      | Killed an ogre
  2487 | D:4      | Reached skill level 6 in Long Blades
  2487 | D:4      | Reached XP level 6. HP: 14/47 MP: 6/6
  2637 | D:4      | XOM: harmless Necr miscast
  2837 | D:4      | Found an iron altar of Okawaru.
  2967 | D:4      | Reached skill level 7 in Long Blades
  3037 | D:4      | XOM: mild Air miscast
  3385 | D:5      | Entered Level 5 of the Dungeon
  3423 | D:5      | XOM: divination: detect creatures
  3432 | D:5      | XOM: butterfly on damage
  3440 | D:5      | Noticed a sky beast
  3451 | D:5      | XOM: potion effect (invisibility)
  3455 | D:5      | Reached XP level 7. HP: 40/52 MP: 7/7
  3463 | D:5      | Reached skill level 8 in Long Blades
  3524 | D:5      | XOM: divination: detect items
  3533 | D:5      | Noticed Edmund
  3544 | D:5      | Slain by Edmund

Vault maps used:
D:1:      minmay_arrival_shattered_statue
D:2:      grunt_dithmenos_smoke_and_mirrors, serial_glass, glass_columns_b,
          glass_columns_a
D:3:      grunt_temple_overflow_order_and_chaos_2, uniq_ijyb
D:4:      overflow_temple_1_default, kennysheep_mini_moat,
          okawaru_altar_gauntlet_db, hangedman_abyss_or_decor_stagger
D:5:      tgw_fedhas, first_ration, nzn_random_ring, uniq_edmund

Skill      XL: |  1  2  3  4  5  6  7 |
---------------+----------------------+-----
Long Blades    | 3 4 5 6 7 8 |  8.4
Fighting       | |  3.0
Armour         | |  1.7
Dodging        | |  0.8

Action                   |  1- 3 |  4- 6 |  7- 9 || total
-------------------------+-------+-------+-------++-------
Melee: Falchion          |    63 |       |       ||    63
       Long sword        |    77 |   121 |       ||   198
       Great sword       |       |    61 |    29 ||    90
  Use: Scroll            |       |     5 |       ||     5
       Potion            |       |     1 |       ||     1
 Stab: Confused          |     1 |       |       ||     1
       Paralysed         |     2 |       |       ||     2
       Invisible         |     1 |     2 |     7 ||    10
  Eat: Chunk             |       |     9 |       ||     9
Armor: Leather armour    |    14 |       |       ||    14
       Chain mail        |    41 |    96 |     5 ||   142
       Skin              |    21 |       |       ||    21
Dodge: Dodged            |    38 |    32 |    13 ||    83
Block: Other             |     5 |    11 |     4 ||    20
       Shield            |    54 |   104 |       ||   158
       Rpst.: Falchion   |    11 |       |       ||    11
       Long sword        |     4 |     4 |       ||     8
       Great sword       |       |     5 |     6 ||    11

Table legend:
 A = Spawn XP
 B = Non-spawn XP
 C = Spawn XP percentage of total XP
 D = Spawn monster count
 E = Non-spawn monster count
 F = Spawn count percentage of total count
 G = Total turns spent on level
                    A         B        C        D         E        F      G
               +---------+---------+-------+---------+---------+-------+---------
         Total |       0 |    1168 |   0.0 |       0 |      88 |   0.0 |  3544
               +---------+---------+-------+---------+---------+-------+---------
           D:1 |       0 |      27 |   0.0 |       0 |      14 |   0.0 |   427
           D:2 |       0 |      40 |   0.0 |       0 |      11 |   0.0 |   506
           D:3 |       0 |     145 |   0.0 |       0 |      25 |   0.0 |  1356
           D:4 |       0 |     477 |   0.0 |       0 |      24 |   0.0 |  1096
           D:5 |       0 |     479 |   0.0 |       0 |      14 |   0.0 |   159
               +---------+---------+-------+---------+---------+-------+---------
